 Dungeon Crawl Stone Soup version 0.16-a0-324-g99bef82 (webtiles) character file.

136 PolkaDot the Caller (level 4, -4/30 HPs)
             Began as a Vampire Summoner on Sept 3, 2014.
             Slain by an orc wizard
             ... wielding a +0 dagger
              (6 damage)
             ... on Level 3 of the Dungeon.
             The game lasted 00:08:17 (1847 turns).

PolkaDot the Caller (Vampire Summoner)              Turns: 1847, Time: 00:08:18

HP  -4/30        AC  2     Str  7      XL: 4   Next: 98%
MP   4/8         EV 18     Int 18      God:
Gold 33          SH  0     Dex 19      Spells:  3 memorised,  2 levels left

rFire  . . .     SeeInvis +     e - +0 spear
rCold  . . .     Clarity  .     a - +0 robe
rNeg   . . .     rCorr    .     (no shield)
rPois  .         rRot     .     (no helmet)
rElec  .         Spirit   .     (no cloak)
SustAb .         Warding  .     (no gloves)
rMut   .         Stasis   .     (no boots)
Gourm  .                        (no amulet)
MR     .....                    (no ring)
                                (no ring)

@: agile, regenerating quickly, not resistant to hostile enchantments, stealthy
A: fangs 3, see invisible, unbreathing
a: no special abilities


You were on level 3 of the Dungeon.
You were very full.

You visited 1 branch of the dungeon, and saw 3 of its levels.

You collected 33 gold pieces.

Inventory:

Hand weapons
 e - a +0 spear (weapon)
Armour
 a - a +0 robe (worn)
Scrolls
 c - a scroll of recharging {unknown}
 f - a scroll of fog {unknown}
 g - a scroll of magic mapping {unknown}
 i - a scroll of blinking {unknown}
 j - a scroll of enchant armour {unknown}
Potions
 d - a potion of flight
 l - a potion of restore abilities
Books
 b - a book of Callings

   Spells                             Type                      Level
   *Summon Small Mammal               Summoning                    1
   *Call Imp                          Summoning                    2
   *Call Canine Familiar              Summoning                    3
   Summon Guardian Golem              Hexes/Summoning              4
   Summon Lightning Spire             Summoning/Air                4
   Summon Ice Beast                   Ice/Summoning                4


   Skills:
 + Level 1.6 Polearms
 - Level 2.1 Dodging
 - Level 3.0 Stealth
 - Level 2.5 Spellcasting
 * Level 5.6 Summonings


You had 2 spell levels left.
You knew the following spells:

 Your Spells              Type           Power        Failure   Level  Hunger
a - Summon Small Mammal   Summ           ###.         1%          1    #......
d - Call Canine Familiar  Summ           ###.....     6%          3    ###....
s - Call Imp              Summ           ###.....     2%          2    ##.....


Dungeon Overview and Level Annotations

Branches:
Dungeon (3/15)

Altars:
Nemelex Xobeh
Okawaru


Innate Abilities, Weirdness & Mutations

Your natural rate of healing is unusually fast.
You have razor-sharp teeth.
You have supernaturally acute eyesight.
You can survive without breathing.


Message History

Drink which item? (? for menu, Esc to quit)
You feel magically purged.
It was a potion of cancellation.
Something bites your iron imp but does no damage.
The orc wizard casts a spell at you. You resist.
The goblin hits your iron imp with a dagger.
Drink which item? (? for menu, Esc to quit)
You feel agile all of a sudden.
It was a potion of agility.
Something closely misses your iron imp. The orc wizard barely misses you.
The goblin hits your iron imp but does no damage.
Casting: Call Imp
Confirm with . or Enter, or press ? or * to list all spells.
Something closely misses your iron imp.
The orc wizard hits you but does no damage.
The goblin hits your iron imp but does no damage.
Casting: Summon Small Mammal
Confirm with . or Enter, or press ? or * to list all spells.
Something barely misses your iron imp. The orc wizard hits you with a dagger.
You die...

..... .....
..>.#.....#
....#>...
......####.
.........
#g.o...# #5##.#.#
#.o!h#.##
###@..<.# .
####r#.#.#..
##......#<.#
##........#.#
#...........## ♣
#............+..
#........[......
#...............♣
#............+♣♣


You could see an orc wizard (invisible), a goblin, a friendly hound, a friendly
iron imp and a friendly quokka.

Vanquished Creatures
  Sigmund (D:2)
  Ijyb (D:2)
  2 adders (D:2)
  An ooze (D:1)
  2 orcs (D:3)
  A giant cockroach (D:2)
  5 hobgoblins
  6 bats
  3 giant geckos
  4 giant newts
  2 goblins
  6 kobolds
  2 rats
36 creatures vanquished.

Vanquished Creatures (collateral kills)
  2 adders
  A giant cockroach (D:2)
  A hobgoblin (D:1)
  2 bats
  A giant gecko (D:3)
  A kobold (D:3)
8 creatures vanquished.

Vanquished Creatures (others)
  3 bats
  2 rats (D:2)
5 creatures vanquished.

Grand Total: 49 creatures vanquished

Notes
Turn   | Place    | Note
--------------------------------------------------------------
     0 | D:1      | PolkaDot, the Vampire Summoner, began the quest for the Orb.
     0 | D:1      | Reached XP level 1. HP: 13/13 MP: 3/3
   160 | D:1      | You fall through a shaft!
   160 | D:2      | Found an iron altar of Okawaru.
   211 | D:2      | Noticed Ijyb
   277 | D:2      | Killed Ijyb
   277 | D:2      | Reached XP level 2. HP: 4/19 MP: 0/4
   421 | D:2      | Reached XP level 3. HP: 24/24 MP: 2/6
   461 | D:2      | Learned a level 3 spell: Call Canine Familiar
   465 | D:2      | Learned a level 2 spell: Call Imp
   662 | D:1      | Reached skill level 5 in Summonings
  1198 | D:2      | Noticed Sigmund
  1219 | D:2      | Killed Sigmund
  1219 | D:2      | Reached skill level 1 in Polearms
  1219 | D:2      | Reached XP level 4. HP: 10/30 MP: 1/8
  1400 | D:2      | Found a sparkling altar of Nemelex Xobeh.
  1842 | D:3      | HP: 1/30 [orc wizard/magic dart (9)]
  1847 | D:3      | Slain by an orc wizard

Action                   |  1- 3 |  4- 6 || total
-------------------------+-------+-------++-------
Melee: Spear             |   103 |    60 ||   163
       Club              |     9 |       ||     9
       Unarmed           |     7 |       ||     7
 Cast: Summon Small Mamm |    19 |     4 ||    23
       Call Imp          |     1 |     2 ||     3
       Call Canine Famil |     1 |     2 ||     3
  Use: Potion            |     4 |     2 ||     6
       Scroll            |     2 |       ||     2
 Stab: Distracted        |     4 |       ||     4
       Sleeping          |     2 |     2 ||     4
  Eat: Corpse            |    12 |     4 ||    16
